Cogmind - Beta 11.1 @@@ ROGUE MODE // 2022.06.06 @ 07:59:54 Player: Demise Result: Destroyed by D-53 Grenadier with Mini Grenade Launcher Performance ------------- Evolutions (0) 0 Regions Visited (2) 400 Robots Destroyed (48) 240 Value Destroyed (1010) 1010 Prototype IDs (2) 40 Alien Tech Used (0) 0 Bonus (-25) -25 TOTAL SCORE: 1665 Bonus ------- High Alert Combat Kills 16 Follower Combat Kills 64 Friendly Fire -105 Cogmind --------- Core Integrity 0/250 Matter 265/300 Energy 91/100 System Corruption 0% Temperature Cool (2) Movement Rolling (110) Ox2 Location -10/Mines Parts ------- > --- POWER (1) -------- (None) > --- PROPULSION (2) --- Wheel > --- UTILITY (2) ------ Large Storage Unit Medium Armor Plating > --- WEAPON (2) ------- Autogun > --- INVENTORY (15) --- Wheel Compact Wheel Huge Storage Unit Improved Terrain Scanner Seismic Detector Targeting Computer Core Shielding Weapon Shielding Medium Armor Plating Trap Extractor (0/4) Trap Extractor (0/4) Assault Rifle Grenade Launcher Peak State ------------ > --- POWER ------------ Improved Ion Engine > --- PROPULSION ------- Wheel Wheel > --- UTILITY ---------- Large Storage Unit Medium Armor Plating > --- WEAPON ----------- Autogun Autogun > --- INVENTORY -------- Wheel Huge Storage Unit Improved Terrain Scanner Seismic Detector Targeting Computer Weapon Shielding Medium Armor Plating Medium Armor Plating Medium Armor Plating Trap Extractor Trap Extractor Assault Rifle Autogun Autogun Grenade Launcher [Rating: 13] Favorites ----------- Power Improved Ion Engine Engine Improved Ion Engine Propulsion Wheel Wheel Wheel Utility Large Storage Unit Device Seismic Detector Storage Large Storage Unit Processor Signal Interpreter Protection Medium Armor Plating Weapon Autogun Energy Gun Medium Laser Ballistic Gun Autogun Launcher Grenade Launcher Build | -11 -10 -10 ------- Run | Scr Mat Min Slots Evolved . | . . . Power . | . . . Propulsion . | . . . Utility . | . . . Weapon . | . . . Parts Attached 47 | 8 31 8 Power 5 | 1 4 . Engine 5 | 1 4 . Core . | . . . Reactor . | . . . Propulsion 11 | 2 7 2 Treads . | . . . Leg . | . . . Wheel 11 | 2 7 2 Hover . | . . . Flight . | . . . Utility 20 | 3 13 4 Device 7 | 2 4 1 Storage 4 | 1 3 . Processor 1 | . 1 . Hackware . | . . . Protection 8 | . 5 3 Artifact . | . . . Weapon 11 | 2 7 2 Energy Gun 1 | 1 . . Energy Cannon . | . . . Ballistic Gun 8 | 1 5 2 Ballistic Cannon . | . . . Launcher 2 | . 2 . Special Weapon . | . . . Impact Weapon . | . . . Slashing Weapon . | . . . Piercing Weapon . | . . . Special Melee Weapon . | . . . Unidentified Prototypes . | . . . Parts Lost 10 | . 2 8 Power 2 | . 1 1 Propulsion 3 | . 1 2 Utility 2 | . . 2 Weapon 3 | . . 3 Highest Loss Streak 5 | . 2 5 To Critical Strikes . | . . . Average Slot Usage (%) 98 | . 99 97 Engine 13 | . 14 13 Wheel 27 | . 27 26 Device 6 | . 7 . Storage 14 | . 14 14 Protection 6 | . 5 13 Ballistic Gun 26 | . 26 27 Naked Turns . | . . . Heaviest Build 94 | 15 94 40 Greatest Support 26 | 26 26 20 Greatest Overweight (x) 9 | . 9 1 Average Overweight (x) . | . . 1 Largest Inventory Capacity 25 | 8 25 15 Average Capacity 13 | 7 13 15 Most Carried 15 | 8 15 15 Average Carried 12 | 3 12 14 Final Capacity 15 | 8 15 15 Final Carried 15 | 8 15 13 Class Distribution -------------------- 100% | Mutant Dominant Class ---------------- Mutant | -10/Materials Mutant | -10/Mines Resources | -11 -10 -10 ----------- Run | Scr Mat Min Matter Collected 1533 | 313 995 225 Remotely . | . . . Salvage Created 1598 | 168 1154 276 Parts 90 | 16 63 11 Haulers Intercepted 2 | . 2 . Recyclers Shooed 2 | . 1 1 Parts Field Recycled . | . . . Retrieved Matter . | . . . Parts Self-Destructed . | . . . Prevented . | . . . Kills | -11 -10 -10 ------- Run | Scr Mat Min Combat Hostiles Destroyed 26 | . 23 3 Guns 23 | . 20 3 AOE 3 | . 3 . Classes Destroyed 9 | 3 6 . Worker 5 | 1 3 1 Builder 2 | . 2 . Tunneler 5 | 5 . . Hauler 2 | . 2 . Recycler 3 | 1 1 1 Operator 2 | . 2 . Watcher 3 | . 3 . Swarmer 3 | . 3 . Grunt 23 | . 20 3 Best Kill Streak 6 | 4 6 2 Combat Bots Only 6 | . 6 2 Max Kills in Single Turn 1 | 1 1 1 Gunslinging . | . . . Exploded 1 | . 1 . Melee . | . . . Uniques/NPCs Destroyed . | . . . Combat | -11 -10 -10 -------- Run | Scr Mat Min Damage Taken 1332 | . 466 866 Core 251 | . 134 117 Absorbed by Shields . | . . . Regen/Repaired (Parts) 52 | . 52 . Core Remaining (%) 100 | 100 . . Volleys Fired 123 | 11 84 28 Largest 2 | 2 2 2 Hottest 70 | 70 53 46 Shots Fired 242 | 22 165 55 Gun 237 | 22 160 55 Cannon . | . . . Launcher 5 | . 5 . Special . | . . . Kinetic 226 | 11 160 55 Thermal 11 | 11 . . Explosive 5 | . 5 . Electromagnetic . | . . . Robot Hit Streak 13 | 4 11 13 Robot Miss Streak 5 | 1 5 3 Penetration Max . | . . . Secondary Targets . | . . . Shots Hit Robots 142 | 14 91 37 Core Hits 64 | 8 46 10 Critical Kills 1 | . 1 . Critical Parts Destroyed . | . . . Critical Strikes 1 | . 1 . Destroy 1 | . 1 . Melee Attacks . | . . . Impact . | . . . Slashing . | . . . Piercing . | . . . Sneak Attacks . | . . . Combat Hostiles . | . . . Follow-up Attacks . | . . . Damage Inflicted 2367 | 182 1615 570 Guns 2213 | 182 1461 570 Cannons . | . . . Explosions 154 | . 154 . Melee . | . . . Ramming . | . . . Kinetic 2125 | 94 1461 570 Thermal 88 | 88 . . Explosive 154 | . 154 . Electromagnetic . | . . . Impact . | . . . Slashing . | . . . Piercing . | . . . Highest Corruption . | . . . Average Corruption . | . . . Corruption Purged . | . . . Corruption Blocked . | . . . Overload Shots . | . . . Overflow Damage 6 | . 6 . Projectiles . | . . . Explosions 6 | . 6 . Melee . | . . . Knockbacks . | . . . Impact . | . . . Kinetic . | . . . Secondary . | . . . Self-Inflicted Damage . | . . . Shots . | . . . Rammed . | . . . Targets Rammed . | . . . Kicked . | . . . Crushed . | . . . Highest Temperature 216 | 45 67 216 Average Temperature 36 | 15 20 83 Received Heat Transfer 408 | . 204 204 Siege Activations . | . . . Robots Corrupted . | . . . Combat Hostiles . | . . . Parts Fried . | . . . Impact Corruptions . | . . . Robots Melted . | . . . Combat Hostiles . | . . . Parts Melted . | . . . Heat Transferred 259 | 259 . . Parts Sabotaged . | . . . Parts Stolen . | . . . Parts Stripped . | . . . Power Chain Reactions . | . . . Missiles Intercepted . | . . . Alert | -11 -10 -10 ------- Run | Scr Mat Min Peak Influence 484 | 35 484 258 Initial 159 | . 22 159 Average 240 | 16 263 184 Maximum Alert Level 2 | . 2 1 Low Security (%) 33 | 100 22 86 Level 1 46 | . 54 13 Level 2 19 | . 23 . Level 3 . | . . . Level 4 . | . . . Level 5 . | . . . High Security . | . . . Max Security . | . . . Squads Dispatched 7 | . 7 . Investigation 6 | . 6 . Extermination . | . . . Reinforcement 1 | . 1 . Assault . | . . . Garrison . | . . . Intercept . | . . . Searches Triggered . | . . . Construction Impeded . | . . . Haulers Reinforced . | . . . Active Scanning Responses . | . . . Cargo Convoy Interrupts . | . . . Stealth | -11 -10 -10 --------- Run | Scr Mat Min Distress Signals 1 | . 1 . Communications Jammed . | . . . Distress Signals . | . . . Times Spotted 37 | . 30 7 Peak Tracking Total 3 | . 3 3 Tactical Retreats 1 | . 1 . Traps | -11 -10 -10 ------- Run | Scr Mat Min Traps Triggered 1 | . 1 . Indirectly . | . . . Trap Hack Attempts . | . . . Triggered . | . . . Disarmed . | . . . Reprogrammed . | . . . Reused . | . . . Traps Extracted . | . . . Installed . | . . . Triggered . | . . . Machines | -11 -10 -10 ---------- Run | Scr Mat Min Machines Disabled 1 | . 1 . Max in Single Turn 1 | . 1 . Machines Sabotaged . | . . . Garrisons Compromised . | . . . Overloaded Fab Kills . | . . . Hacking | -11 -10 -10 --------- Run | Scr Mat Min Machines Accessed 10 | . 10 . Terminals 7 | . 7 . Fabricators . | . . . Repair Stations 1 | . 1 . Recycling Units 2 | . 2 . Scanalyzers . | . . . Garrison Access . | . . . Total Hacks 35 | . 35 . Successful 23 | . 23 . Failed 11 | . 11 . Catastrophic . | . . . Database Lockouts 1 | . 1 . Manual 24 | . 24 . Terminals 27 | . 27 . Fabricators . | . . . Repair Stations 3 | . 3 . Recycling Units 5 | . 5 . Scanalyzers . | . . . Garrison Access . | . . . Terminal Hacks 8 | . 8 . Robot Analysis 5 | . 5 . Prototype ID Bank 1 | . 1 . Terminal Index 1 | . 1 . Locate Traps 1 | . 1 . Fabricator Hacks . | . . . Repair Station Hacks 3 | . 3 . Scan Component 2 | . 2 . Repair 1 | . 1 . Recycling Unit Hacks 2 | . 2 . Retrieve Components 2 | . 2 . Scanalyzer . | . . . Garrison Access Hacks . | . . . Unauthorized Hacks 10 | . 10 . Terminals 8 | . 8 . Assimilate 2 | . 2 . Botnet 5 | . 5 . Operators 1 | . 1 . Fabricators . | . . . Repair Stations . | . . . Recycling Units 2 | . 2 . Tunnel 2 | . 2 . Scanalyzers . | . . . Garrison Access . | . . . Data Cores Recovered . | . . . Used . | . . . Hacking Detections 8 | . 8 . Full Trace Events 4 | . 4 . Feedback Events . | . . . Feedback Blocked . | . . . Robot Schematics Acquired . | . . . Robots Built . | . . . Authchips . | . . . Time . | . . . Total Robot Build Rating . | . . . Part Schematics Acquired . | . . . Parts Built . | . . . Authchips . | . . . Time . | . . . Total Part Build Rating . | . . . Parts Repaired 1 | . 1 . Time 32 | . 32 . Parts Recycled . | . . . Recycled Matter . | . . . Retrieved Matter . | . . . Retrieved Components 9 | . 9 . Parts Scanalyzed . | . . . Part Schematics Acquired . | . . . Parts Damaged . | . . . Bothacking | -11 -10 -10 ------------ Run | Scr Mat Min Used RIF Installer . | . . . Robots Hacked . | . . . Non-combat . | . . . Combat . | . . . Robot Hacks Applied . | . . . Relay Couplers Released . | . . . Fabnet Peak Effective % . | . . . Robots Rewired . | . . . Allies Hacked . | . . . Hacks Repelled . | . . . Allies | -11 -10 -10 -------- Run | Scr Mat Min Total Allies 3 | . 1 2 Largest Group 2 | . 1 2 Highest-Rated Group 62 | . 10 62 Highest-Rated Ally 31 | . 10 31 Total Orders 1 | . 1 . STAY 1 | . 1 . Ally Attacks 14 | . . 14 Total Damage 232 | . . 232 Kills 2 | . . 2 Allies Corrupted . | . . . Allies Melted . | . . . Intel | -11 -10 -10 ------- Run | Scr Mat Min Robot Analysis Total 5 | . 5 . Derelict Logs Recovered 1 | . . 1 Drone Launches . | . . . Drone Recoveries . | . . . Exploration | -11 -10 -10 ------------- Run | Scr Mat Min Turns Passed 2049 | 129 1717 203 Spaces Moved 1438 | 80 1241 117 Core 3 | 3 . . Treads . | . . . Legs . | . . . Wheels 1435 | 77 1241 117 Hover . | . . . Flight . | . . . Fastest Speed 50 | 50 80 95 Average Speed 92 | 88 92 95 Slowest Speed 215 | 100 215 95 Overloaded Moves . | . . . Propulsion Burnouts . | . . . Robots Hopped . | . . . Cave-ins Triggered . | . . . Exploration Rate (%) 47 | 5 98 38 Regions Visited 2 Branch Regions 1 Pre-discovered Areas 3 | . 2 1 Known Exits Taken 1 | . 1 . Unknown Exits Taken 1 | 1 . . Scrap Searched 1 | . . 1 Spaces Dug 19 | . 19 . Terrain Destroyed 25 | . 25 . Melee . | . . . Projectile . | . . . AOE 25 | . 25 . Terrain Rammed . | . . . Walls Destroyed . | . . . Machines Disabled . | . . . Actions | -11 -10 -10 --------- Run | Scr Mat Min Total 1954 | 117 1674 163 Wait 292 | . 284 8 Move 1436 | 79 1240 117 Hop . | . . . Pick Up 32 | 14 16 2 Fast Attach 11 | 5 6 . Attach 12 | 2 5 5 Detach 3 | . 3 . Swap 24 | 1 20 3 Drop 21 | 5 16 . Fire 123 | 11 84 28 Melee . | . . . Ram . | . . . Kick . | . . . Crush . | . . . Escape Stasis . | . . . Rewire . | . . . Trap . | . . . Miscellaneous . | . . . Route ------- -11/Scrapyard -10/Materials (discovered 5 exits: *Mat x3 / *Min x2) -10/Mines (discovered 1 exit: *Mat) History --------- Turn | Location | Event 32 | -11/Scrapyard | Discovered new exit (range 15) 130 | -11/Scrapyard | Entered Materials 334 | -10/Materials | Build established: Mutant 401 | -10/Materials | Discovered new exit (range 13) 655 | -10/Materials | Discovered new exit (range 10) 1045 | -10/Materials | Discovered new exit (range 9) 1290 | -10/Materials | Central database locked down 1314 | -10/Materials | Discovered new exit (range 7) 1400 | -10/Materials | Discovered new exit (range 12) 1449 | -10/Materials | Core integrity fell below 50% 1494 | -10/Materials | Repaired Autogun 1620 | -10/Materials | Identified exit to Materials 1664 | -10/Materials | Identified exit to Mines 1847 | -10/Materials | Entered Mines 1915 | -10/Mines | Learned location of Storage (-7) 1925 | -10/Mines | Lost 3 parts (1n1u1w) 1979 | -10/Mines | Received a Mining Laser from a helpful Derelict 2013 | -10/Mines | Discovered exit to Materials (range 6) 2031 | -10/Mines | Escorted by a lone wolf Derelict 2035 | -10/Mines | Assembled infested the area 2039 | -10/Mines | Core integrity fell below 20% 2040 | -10/Mines | Assisted by a Guerilla fighting off Assembled 2050 | -10/Mines | Destroyed by D-53 Grenadier with Mini Grenade Launcher Last Messages --------------- 02038_ D-53 Grenadier knocked back. 02038_ ET-C1A(g) destroyed. 02039_ The unstable cave ceiling collapses. 02039_ HV Slug penetrates Wall. 02039_ HV Slug penetrates Earth. 02040_ A derelict emerges from the shadows: "You need to get out of here! I've been tracking a group of Assembled to figure out where they're coming from, and they're closing on this area, come on!" 02040_ Imp. Ion Engine destroyed. 02040_ DG-C6H(h) destroyed. 02040_ Destroyed Shock Absorption System. 02040_ Med. Armor Plating destroyed. 02041_ The unstable cave ceiling collapses. 02042_ Autogun destroyed. 02043_ D-53 Grenadier destroyed. 02044_ Wheel destroyed. 02045_ The unstable cave ceiling collapses. 02047_ D-53 Grenadier suffers critical hit (Burn). 02048_ Autogun destroyed. 02050_ The unstable cave ceiling collapses. Map ----- +----------------------------------------------------+ | ?????????????# ##%##?????##| #????? | | ?????????????# #??????# #????? | | ?????????????#### #??????# #????? | | ????????????????# #??????# #????? | | ????????????????# #??????# #????? | | ??????????#?????# #??????# #????? | | ??? #### #???# ####???# #????? | | ?? #### ##??# #????? | | ?? """ ##?# #????? | | ?? """ #?# #????? | | ?????# ## #### """ ### #????? | | ??????????????## """ #????? | | ???????????????## #????? | | ????????????????# ########????? | | ????????????????# ##???????????? | | ????????????????## ##????????????? | | ?????????????????# ##?????????????? | | ?????????######### ##########?????? | | ?????# ##????? | | ??????????######## #????? | | ?????????????????###### #????? | | ?????????????????????## =###??? | | ????????????????????## #??? | | ????????????????????# #??? | | ??????????????????### #??? | | ??????????????????#$%= @ ##??? | | ??????????????????#a# # g #?? | | ????????????????????# # #?? | | ????????????????????## ##?? | | ?????????????????????### <%d #?? | | ???????????????????????### " ; ? | | ?????????????????????????## ## # | | ??????????????????????????######??# | | ??????????????????????????????????? | | ??????????????????????????????????? | | ??????????????????????????????????? | | ??????????????????????????????????? | | ??????????????????????????????????? | | ??????????????????????????????????? | | ??????????????????????????????????? | | ??????????????????????????????????? | | ??????????????????????????????????? | | ??????????????????????????????????? | | ??????????????????????????????????? | | ??????????????????????????????????? | | ??????????????????????????????????? | | ??????????????????????????????????? | | ??????????????????????????????????? | | | | | +----------------------------------------------------+ Best States ------------- Heat Dissipation 25 Energy Generation 12 Energy Capacity 265 Matter Stores 300 Matter Capacity 300 Sight Range 16 Terrain Scan Density 10 Armor Coverage 225 Weapon Shielding 33 Evasion (%) 44 Item Schematics ----------------- None Robot Schematics ------------------ None Fabricated ------------ Nothing Alien Tech Used ----------------- None Achievements -------------- None Challenges ------------ None Game ------ Seed FlyingCoreFlakker Manual? 0 Play Time 00:23:44 Cumulative 568.0 hours Start 2022.06.06 @ 07:38:02 End 2022.06.06 @ 07:59:54 Sessions 1 Manual Loads 0 Difficulty Rogue Special Mode None Game No. 457 Rogue 457 Adventurer 0 Explorer 0 Win Type - Total 5 Types 4/0/0/1/0/0/0/0/0 Lore% 71 Gallery% 84 Achievement% 66 Wizard Run 0 Options --------- ASCII 0 Keyboard 1 Movement Numpad Keybinds 0 Fullscreen 1 Font 12/Terminus Map View 83x54 Tactical HUD 1 Map Filters NONE Filters NONE Steam 1 RUN: 7b96c0c7-92a1-468e-b385-f75e5c53c658